 Dungeon Crawl Stone Soup version 0.20-a0-317-gc038824 (webtiles) character file.

9997 AlphabetPasta the Jinx (level 11, -9/54 HPs)
             Began as a Deep Elf Enchanter on Dec 20, 2016.
             Was a Follower of Ashenzari.
             Mangled by a seven-headed hydra (17 damage)
             ... on level 11 of the Dungeon.
             The game lasted 01:17:38 (14145 turns).

AlphabetPasta the Jinx (Deep Elf Enchanter)        Turns: 14145, Time: 01:17:39

Health: -9/54      AC:  9    Str:  5    XL:     11   Next: 30%
Magic:  14/26      EV: 19    Int: 25    God:    Ashenzari [*.....]
Gold:   466        SH: 10    Dex: 21    Spells: 12/28 levels left

rFire  + + .     SeeInvis .     a - +2 dagger (venom)
rCold  . . .     Gourm    .     O - +2 robe {rF+}
rNeg   . . .     Faith    .     N - +0 buckler
rPois  .         Spirit   .     (no helmet)
rElec  .         Reflect  +     s - +0 cloak
rCorr  .         Harm     .     y - +0 pair of gloves "Yrphocili" {rF+ Regen+ Dex+4} (curse)
MR     +....                    (no boots)
Stlth  ++++......               K - +5 amulet of reflection
                                o - +3 ring of intelligence
                                H - +3 ring of protection

@: very slightly contaminated
A: no striking features
a: Curse Item, Scrying, Renounce Religion


You were on level 11 of the Dungeon.
You worshipped Ashenzari.
Ashenzari was aware of your devotion.
You were not hungry.

You visited 2 branches of the dungeon, and saw 12 of its levels.
You also visited: Ossuary.

You collected 599 gold pieces.
You spent 133 gold pieces at shops.

Inventory:

Hand Weapons
 a - a +2 dagger of venom (weapon)
 b - a +4 rapier of draining
Armour
 q - a +2 robe
 s - a +0 cloak (worn)
 y - the cursed +0 pair of gloves "Yrphocili" (worn) {rF+ Regen+ Dex+4}
   (You found it on level 4 of the Dungeon)

   It affects your dexterity (+4).
   It protects you from fire.
   It increases your rate of regeneration.
   It has a curse placed upon it.
 N - a +0 buckler (worn)
 O - a +2 robe of fire resistance (worn)
Jewellery
 j - an uncursed ring of fire
 o - a +3 ring of intelligence (right hand)
 H - a +3 ring of protection (left hand)
 K - a +5 amulet of reflection (around neck)
 R - an uncursed ring of positive energy
Wands
 l - a wand of slowing (23/48)
 p - a wand of flame (17/48)
 J - a wand of lightning (5/15)
 P - a wand of polymorph (15/24)
Scrolls
 n - 6 scrolls of teleportation
 u - 2 scrolls of fog
 w - 3 scrolls of remove curse
 z - 2 scrolls of enchant armour
 B - 2 scrolls of silence
 D - 3 scrolls of recharging
 E - 4 scrolls of amnesia
 G - a scroll of blinking
 I - a scroll of enchant weapon
Potions
 e - 3 potions of agility
 f - 4 potions of brilliance
 h - 8 potions of haste
 k - 2 potions of cure mutation
 m - 3 potions of might
 t - a potion of cancellation {unknown}
 x - 3 potions of flight
 A - 5 potions of curing
 C - a potion of degeneration {unknown}
 F - a potion of resistance {unknown}
Books
 c - a book of Maledictions

   Spells                             Type                      Level
   a - Corona                         Hexes                        1
   b - Ensorcelled Hibernation        Hexes/Ice                    2
   c - Confuse                        Hexes                        3
   d - Tukima's Dance                 Hexes                        3
   e - Dazzling Spray                 Conjuration/Hexes            3
 r - a book of Misfortune

   Spells                             Type                      Level
   a - Confusing Touch                Hexes                        1
   b - Confuse                        Hexes                        3
   c - Gell's Gravitas                Hexes/Translocation          3
   d - Petrify                        Transmutation/Earth          4
   e - Metabolic Englaciation         Hexes/Ice                    5
   f - Yara's Violent Unravelling     Hexes/Transmutation          5
Miscellaneous
 Q - a phantom mirror
Comestibles
 d - 8 bread rations
 g - 5 beef jerkies
 i - 3 meat rations
 v - 8 chunks of flesh
 L - 11 royal jellies
 M - 5 fruits
 T - a slice of pizza


   Skills:
 * Level 9.3 Short Blades
 + Level 8.4 Dodging
 + Level 9.1 Stealth
 + Level 1.7 Shields
 + Level 9.0 Spellcasting
 * Level 12.5 Hexes
 + Level 0.4 Transmutations
 - Level 1.0 Ice Magic
 - Level 3.2 Evocations


You had 12 spell levels left.
You knew the following spells:

 Your Spells              Type           Power        Failure   Level  Hunger
a - Corona                Hex            ######.      1%          1    None
b - Ensorcelled Hibernat  Hex/Ice        #####.       1%          2    None
c - Confuse               Hex            ######..     1%          3    None
d - Tukima's Dance        Hex            ######..     1%          3    None
e - Dazzling Spray        Conj/Hex       #####.       1%          3    None
f - Petrify               Tmut/Erth      ##......     78%         4    ##.....


Dungeon Overview and Level Annotations

Branches:
Dungeon (11/15)            Temple (1/1) D:4            Lair (0/6) D:10
    Orc (0/2) D:9

Altars:
Ashenzari
Cheibriados
Dithmenos
Elyvilon
Fedhas
Gozag
Hepliaklqana
Kikubaaqudgha
Makhleb
Nemelex Xobeh
Okawaru
Qazlal
Ru
Sif Muna
Trog
Uskayaw
Vehumet
Xom
Yredelemnul
Zin
The Shining One
Beogh
Jiyva

Shops:
D:11 ?


Message History

Casting: Confuse
Confirm with . or Enter, or press ? or * to list all spells.
Aiming: Confuse
Press: ? - help, Shift-Dir - straight line, f - seven-headed hydra
Aim: a seven-headed hydra (chance to defeat MR: 46%)
The seven-headed hydra appears confused.
You catch the helpless seven-headed hydra completely off-guard!
You spit the seven-headed hydra like a pig!!!
The seven-headed hydra looks as sick as possible!
The seven-headed hydra is heavily wounded.
You completely miss the seven-headed hydra.
The seven-headed hydra is heavily wounded.
The seven-headed hydra completely misses you.
The seven-headed hydra bites you! The seven-headed hydra misses you.
The seven-headed hydra completely misses you.
You block the seven-headed hydra's attack.
The seven-headed hydra bites you!
* * * LOW HITPOINT WARNING * * *
The seven-headed hydra bites you!
You die...

#.........#.......#.......
#.........#.......#.......
#.........#.......#.......
#.........#.......#.......
#.........#######'#.......
#.........................
#.............###......>..
#.............# #....####.###
#...#####...@.###........ #..
#............D........... #..
#.........###'#####.......#..
#....<....#.......#########..
#.#.......#...(...# #..
#.#.......#.......# #.∩
#.#.....).#.......# #..
#.........######### ##.
#.....###'#.....# #.


You could see a seven-headed hydra (confused).

Vanquished Creatures
  A centaur warrior (D:9)
  A two-headed ogre (D:9)
  An ugly thing (D:11)
  Maurice (D:10)
  The ghost of benjmain the Chopper, an amateur HOCK of Gozag (D:4)
  2 trolls (D:11)
  Prince Ribbit (D:8)
  2 wyverns
  A wraith (D:11)
  5 yaks (D:9)
  Eustachio (D:4)
  2 hungry ghosts (D:9)
  2 hell hounds (D:10)
  4 sky beasts
  An ice beast (D:10)
  9 orc warriors
  A phantom (D:9)
  A necrophage (D:9)
  5 ogres
  4 centaurs
  An elf zombie (D:5)
  Blork the orc (D:4)
  3 bullfrogs
  5 water moccasin zombies (Ossuary)
  A scorpion (D:10)
  6 killer bees (D:10)
  6 wights
  4 crimson imps
  2 centaur zombies
  2 quasits
  3 hounds
  5 jellies
  11 orc wizards
  2 centaur skeletons
  5 orc priests
  4 bullfrog skeletons
  2 human skeletons (D:5)
  3 iguanas
  4 worker ants
  A big kobold zombie (Ossuary)
  2 hound skeletons
  2 mummies (Ossuary)
  A worker ant zombie (D:6)
  10 adders
  2 shadow imps
  7 oozes
  4 adder skeletons
  5 adder zombies
  5 worms
  2 dart slugs
  8 leopard geckos
  34 orcs
  6 giant cockroaches
  5 gnoll zombies (Ossuary)
  8 goblins
  7 hobgoblins
  17 jackals
  6 quokkas
  A ball python (D:3)
  13 bats
  6 frilled lizards
  7 hobgoblin zombies (Ossuary)
  11 kobolds
  5 kobold zombies (Ossuary)
  A leopard gecko skeleton (D:5)
  3 orc skeletons (D:5)
  6 orc zombies (Ossuary)
  A quokka skeleton (D:5)
  A quokka zombie (D:7)
  4 rats
307 creatures vanquished.

Notes
Turn   | Place    | Note
-------+----------+-------------------------------------------
     0 | D:1      | AlphabetPasta the Deep Elf Enchanter began the quest for the Orb.
     0 | D:1      | Reached XP level 1. HP: 10/10 MP: 6/6
   426 | D:1      | Reached XP level 2. HP: 15/15 MP: 6/8
   430 | D:1      | Learned a level 2 spell: Ensorcelled Hibernation
  1234 | D:2      | Found a faded altar of an unknown god.
  1484 | D:2      | Reached XP level 3. HP: 19/19 MP: 7/10
  1558 | D:2      | Learned a level 3 spell: Confuse
  1562 | D:2      | Learned a level 3 spell: Tukima's Dance
  1859 | D:2      | Found a sparkling altar of Nemelex Xobeh.
  2460 | D:2      | Found a snail-covered altar of Cheibriados.
  2529 | D:2      | Reached XP level 4. HP: 24/24 MP: 9/11
  2697 | D:3      | Reached skill level 1 in Ice Magic
  2705 | D:3      | Reached skill level 5 in Hexes
  3585 | D:3      | Reached XP level 5. HP: 25/28 MP: 3/13
  3628 | D:3      | Learned a level 3 spell: Dazzling Spray
  4243 | D:4      | Noticed benjmain's ghost (amateur HOCK)
  4286 | D:4      | Killed benjmain's ghost
  4286 | D:4      | Reached skill level 5 in Stealth
  4286 | D:4      | Reached skill level 6 in Hexes
  4286 | D:4      | Reached XP level 6. HP: 32/32 MP: 10/14
  4320 | D:4      | Found a staircase to the Ecumenical Temple.
  4329 | Temple   | Entered the Ecumenical Temple
  4612 | D:4      | Noticed Eustachio
  4621 | D:4      | Killed Eustachio
  4621 | D:4      | Reached XP level 7. HP: 26/36 MP: 2/16
  4872 | D:4      | Noticed Blork the orc
  4875 | D:4      | Killed Blork the orc
  5112 | D:4      | Reached skill level 7 in Hexes
  5243 | D:4      | Reached skill level 5 in Spellcasting
  5248 | D:4      | Got a pair of faintly glowing gloves
  5436 | D:5      | Entered Level 5 of the Dungeon
  5560 | D:5      | Found a hide-covered altar of Uskayaw.
  5577 | D:5      | Identified the +0 pair of gloves "Yrphocili" {rF+ Regen+ Dex+4} (You found it on level 4 of the Dungeon)
  5593 | D:5      | Found a bloodstained altar of Trog.
  5743 | D:5      | Found a sand-covered staircase.
  5764 | Ossuary  | Entered an ossuary
  5816 | Ossuary  | Reached XP level 8. HP: 33/41 MP: 18/18
  5911 | Ossuary  | Reached skill level 5 in Short Blades
  6016 | Ossuary  | Reached skill level 8 in Hexes
  7117 | D:6      | Reached skill level 5 in Dodging
  7143 | D:6      | Found a shattered altar of Ashenzari.
  7280 | D:6      | Became a worshipper of Ashenzari the Shackled
  7534 | D:6      | Found a snail-covered altar of Cheibriados.
  8109 | D:7      | Reached skill level 9 in Hexes
  8230 | D:7      | Found a basalt altar of Yredelemnul.
  8325 | D:7      | Found a hazy altar of Hepliaklqana.
  8793 | D:8      | Noticed Prince Ribbit
  8815 | D:8      | Killed Prince Ribbit
  8815 | D:8      | Reached XP level 9. HP: 45/45 MP: 14/20
  9779 | D:8      | Reached skill level 10 in Hexes
  9828 | D:8      | Learned a level 3 spell: Dazzling Spray
  9830 | D:9      | Found an opulent altar of Gozag.
  9990 | D:9      | Noticed a two-headed ogre
  9991 | D:9      | Reached skill level 1 in Evocations
 10008 | D:9      | Killed a two-headed ogre
 10105 | D:9      | Noticed a centaur warrior
 10231 | D:9      | Found a sparkling altar of Nemelex Xobeh.
 10394 | D:9      | Reached XP level 10. HP: 50/50 MP: 18/23
 10890 | D:9      | Found a blossoming altar of Fedhas.
 10937 | D:9      | Reached skill level 11 in Hexes
 11028 | D:9      | Found a viscous altar of Jiyva.
 11047 | D:9      | Found a staircase to the Orcish Mines.
 11066 | D:9      | Found a roughly hewn altar of Beogh.
 11088 | D:9      | Killed a centaur warrior
 11534 | D:10     | Entered Level 10 of the Dungeon
 11658 | D:10     | Reached * piety under Ashenzari
 12136 | D:10     | Found a staircase to the Lair.
 12186 | D:10     | Reached skill level 12 in Hexes
 12326 | D:10     | Noticed Maurice
 12431 | D:10     | Killed Maurice
 12431 | D:10     | Reached XP level 11. HP: 54/54 MP: 25/25
 13035 | D:11     | Reached skill level 1 in Shields
 13559 | D:11     | Found Watalel's Magic Scroll Shop.
 13562 | D:11     | Bought a scroll of identify for 28 gold pieces
 13562 | D:11     | Bought a scroll of torment for 105 gold pieces
 13812 | D:11     | Noticed a green ugly thing
 13818 | D:11     | Killed a green ugly thing
 13980 | D:11     | Learned a level 4 spell: Petrify
 14125 | D:11     | Noticed a seven-headed hydra
 14145 | D:11     | Mangled by a seven-headed hydra

Vault maps used:
D:1:      dpeg_arrival_radiant
D:2:      old_standard_altar, first_bread, chequers_ecumenical_altar_simple,
          cheibriados_altar_1
D:3:      small_statue_intersection, kennysheep_generic_room_13
D:4:      uniq_eustachio, uniq_blork_the_orc
D:5:      nicolae_overflow_crystal_walls, bloody_trog,
          nicolae_ossuary_entry_catacombs
D:6:      nicolae_ashenzari_panopticon, lemuel_crystal_altar
D:7:      yredelemnul_altar_generic, lemuel_crystal_altar
D:8:      kennysheep_cross_room, uniq_prince_ribbit1
D:9:      nicolae_gozag_seed_capital, fedhas_altar_fruit_tree,
          minmay_orc_entry_temple_small, basic_altar,
          hangedman_little_slice_of_home
D:10:     minmay_lair_entry_lava, uniq_maurice
D:11:     serial_shops, nicolae_shop_behind_doors, abandoned_shop
Temple:   chequers_temple_sunken
Ossuary:  ossuary_tomb_2

Skill      XL: |  1  2  3  4  5  6  7  8  9 10 11 |
---------------+----------------------------------+-----
Stealth        | 4 5 6 7 8 9 |  9.1
Short Blades   | 2 3 4 6 7 9 |  9.3
Ice Magic      | 1 |  1.0
Hexes          | 5 6 7 9 10 12 | 12.5
Spellcasting   | 4 5 6 7 8 9 |  9.0
Dodging        | 3 4 5 6 8 |  8.4
Evocations     | 2 3 |  3.2
Shields        | 1 |  1.7
Transmutations | |  0.4

Action                   |  1- 3 |  4- 6 |  7- 9 | 10-12 || total
-------------------------+-------+-------+-------+-------++-------
Melee: Dagger            |   112 |   115 |   212 |   220 ||   659
       Rapier            |       |       |   144 |       ||   144
 Cast: Corona            |    11 |     1 |       |     1 ||    13
       Ensorcelled Hiber |    48 |    52 |    72 |    72 ||   244
       Confuse           |       |     7 |    40 |    42 ||    89
Invok: Curse Item        |       |       |     1 |       ||     1
  Use: Scroll            |     4 |     2 |    13 |     5 ||    24
       Potion            |       |     1 |       |       ||     1
 Stab: Sleeping          |    31 |    40 |    58 |    52 ||   181
       Confused          |       |     6 |    32 |    25 ||    63
       Distracted        |       |       |     2 |       ||     2
  Eat: Chunk             |     7 |     7 |     5 |    10 ||    29
       Bread ration      |       |     1 |       |       ||     1
       Meat ration       |       |       |     2 |       ||     2
       Fruit             |       |       |       |     2 ||     2
Armor: Robe              |    45 |    24 |    52 |    26 ||   147
Dodge: Dodged            |    68 |    55 |   151 |    59 ||   333
Block: Other             |       |       |     8 |    10 ||    18
       Buckler           |       |       |       |    20 ||    20
